Map: Ruins of Seras

Players

Javert

  • Race: Zerg Zerg
  • League: Gold

TogoGirl - Winner!

  • Race: Protoss Protoss
  • League: Grandmaster

VOD

Have the link to the VOD?

Description

Time

  • Played on: Sept. 14, 2015, 8:39 p.m.
  • Length: 12:56
Show
View Real Time Build Order
Export as new Build Order

Javert Zerg 

Build Orders: Hatch First 

Get SALT Encoding   

  12  0:01  Drone  
  13  0:14  Overlord  
  13  0:19  Drone  
  14  0:32  Drone  
  14  0:33  Drone  
  16  0:37  Drone  
  17  0:56  Hatchery  
  16  0:59  Drone  
  17  1:07  Drone  
  18  1:15  Drone  
  19  1:19  Extractor  
  18  1:33  Spawning Pool  
  17  1:46  Drone  
  18  1:47  Drone x2  
  20  2:20  Queen  
  20  2:21  Metabolic Boost, Queen  
  24  2:25  Overlord  
  24  2:32  Drone  
  24  2:33  Drone x2  
  27  2:41  Spine Crawler  
  26  2:50  Roach Warren  
  24  2:57  Spine Crawler  
  23  3:05  Spine Crawler  
  19  3:31  Roach x3  
  19  3:32  Roach x2  
  27  3:54  Drone x2  
  29  4:00  Ravager  
  30  4:03  Extractor  
  30  4:07  Spine Crawler  
  30  4:08  Drone x3  
  31  4:22  Roach x2  
  35  4:37  Spine Crawler  
  34  4:47  Overlord  
  32  5:03  Roach x2  
  32  5:07  Burrow  
  36  5:38  Drone x4  
  36  5:39  Drone x3  
  43  6:00  Ravager  
  43  6:02  Overlord  
  44  6:20  Queen  
  44  6:24  Drone x6  
  52  6:31  Overlord  
  52  6:33  Lair  
  52  6:42  Overlord  
  50  6:58  Roach  
  50  6:59  Roach x5  
  60  7:05  Drone x2, Roach  
  62  7:10  Evolution Chamber  
  61  7:19  Overlord  
  61  7:27  Overlord  
  61  7:28  Drone x5  
  61  7:29  Drone  
  67  7:37  Glial Reconstitution  
  67  7:42  Roach x3  
  73  7:49  Overseer  
  70  8:00  Roach  
  70  8:01  Roach x5  
  61  8:26  Hydralisk Den  
  60  8:36  Drone  
  60  8:37  Drone x4  
  60  8:39  Zerg Missile Weapons Level 1, Extractor x2  
  63  8:45  Spore Crawler  
  63  8:46  Spore Crawler, Overlord  
  62  8:48  Drone x4  
  62  8:49  Drone  
  62  8:50  Hatchery  
  65  8:55  Muscular Augments  
  65  9:00  Ravager x3  
  65  9:01  Overlord  
  68  9:03  Drone x3  
  68  9:07  Overlord  
  71  9:26  Nydus Network  
  71  9:30  Zergling x4  
  71  9:31  Zergling x12  
  78  9:38  Hydralisk x2  
  78  9:39  Hydralisk x2  
  86  9:46  Overlord  
  86  10:02  Hydralisk  
  86  10:03  Hydralisk x4  
  91  10:33  Hydralisk x7  
  89  10:52  Hydralisk x4  
  94  10:59  Hydralisk  
  94  11:01  Zergling x2  
  94  11:02  Zergling x6  
  89  11:14  Spore Crawler x2  
  89  11:16  Spore Crawler  
  86  11:23  Extractor  
  85  11:26  Extractor  
  85  11:28  Overlord  
  85  11:29  Overlord  
  84  11:38  Drone x5  
  89  11:49  Zergling x2  
  89  11:55  Overlord  
  78  12:14  Hydralisk  
  78  12:15  Hydralisk x5  
  51  12:29  Hydralisk x3  
Show
View Real Time Build Order
Export as new Build Order

TogoGirl Protoss - Winner!

Build Orders:  

Get SALT Encoding   

  12  0:01  Probe (Chrono Boost)  
  13  0:11  Probe (Chrono Boost)  
  14  0:21  Pylon  
  14  0:23  Probe (Chrono Boost)  
  15  0:39  Probe (Chrono Boost)  
  16  0:49  Probe (Chrono Boost)  
  17  0:59  Probe (Chrono Boost)  
  18  1:09  Probe (Chrono Boost)  
  19  1:19  Probe (Chrono Boost)  
  20  1:26  Forge  
  20  1:36  Pylon  
  20  1:42  Probe (Chrono Boost)  
  20  1:59  Photon Cannon  
  20  2:01  Photon Cannon  
  20  2:03  Photon Cannon  
  20  2:05  Gateway  
  20  2:07  Gateway  
  20  2:12  Pylon  
  19  2:19  Photon Cannon  
  19  2:35  Photon Cannon  
  19  2:41  Gateway  
  19  2:47  Pylon  
  19  2:53  Zealot (Chrono Boost)  
  23  2:59  Zealot (Chrono Boost)  
  23  3:23  Zealot (Chrono Boost)  
  27  3:28  Zealot (Chrono Boost)  
  29  3:42  Zealot (Chrono Boost)  
  29  3:45  Gateway  
  29  3:46  Zealot (Chrono Boost)  
  29  3:47  Photon Cannon  
  31  3:57  Zealot (Chrono Boost)  
  31  4:05  Nexus  
  33  4:13  Zealot (Chrono Boost)  
  33  4:20  Zealot (Chrono Boost)  
  31  4:40  Zealot (Chrono Boost)  
  31  4:42  Zealot (Chrono Boost)  
  35  4:50  Zealot (Chrono Boost)  
  35  5:05  Zealot (Chrono Boost)  
  35  5:13  Probe  
  34  5:25  Probe  
  34  5:28  Zealot x2 (Chrono Boost)  
  33  5:37  Probe  
  33  5:38  Probe  
  33  5:42  Assimilator  
  35  5:47  Probe  
  36  5:50  Probe  
  39  5:57  Probe  
  39  6:02  Probe  
  39  6:03  Cybernetics Core  
  41  6:07  Probe  
  41  6:10  Assimilator  
  42  6:14  Probe  
  42  6:18  Probe (Chrono Boost), Photon Cannon  
  42  6:26  Probe (Chrono Boost)  
  42  6:29  Probe (Chrono Boost)  
  44  6:34  Pylon  
  44  6:36  Probe (Chrono Boost)  
  44  6:37  Photon Cannon  
  44  6:39  Probe (Chrono Boost)  
  46  6:49  Stargate  
  46  6:52  Probe x2 (Chrono Boost)  
  48  6:55  Assimilator  
  48  6:56  Assimilator  
  48  6:58  Pylon  
  48  7:02  Probe x2 (Chrono Boost)  
  48  7:12  Mothership Core (Chrono Boost), Probe (Chrono Boost)  
  51  7:24  Probe (Chrono Boost)  
  52  7:30  Probe (Chrono Boost)  
  52  7:37  Pylon  
  53  7:48  Protoss Air Weapons Level 1 (Chrono Boost)  
  53  7:49  Pylon  
  53  7:51  Nexus  
  53  7:53  Void Ray (Chrono Boost), Stargate  
  57  8:03  Probe  
  58  8:10  Stargate  
  58  8:15  Probe  
  59  8:27  Void Ray (Chrono Boost)  
  63  8:37  Void Ray  
  67  8:44  Pylon  
  67  8:49  Pylon  
  67  8:52  Pylon  
  67  8:53  Pylon  
  67  8:57  Pylon  
  67  9:02  Void Ray  
  71  9:06  Probe, Void Ray  
  72  9:16  Probe  
  74  9:26  Probe  
  71  9:31  Void Ray  
  71  9:34  Protoss Air Armor Level 1 (Chrono Boost)  
  75  9:42  Photon Cannon  
  75  9:44  Photon Cannon  
  75  9:46  Void Ray  
  75  9:51  Void Ray  
  82  10:08  Probe  
  83  10:18  Probe  
  84  10:28  Probe  
  83  10:29  Void Ray x2  
  77  10:38  Probe  
  70  10:48  Probe  
  70  10:49  Probe x2  
  64  10:58  Probe  
  64  11:01  Probe x2  
  66  11:08  Probe  
  67  11:18  Probe  
  67  11:22  Probe x2  
  70  11:29  Probe  
  71  11:39  Probe x2  
  73  11:49  Probe  
  64  12:07  Void Ray  
  54  12:29  Probe  
  54  12:31  Probe x2  
  57  12:37  Assimilator  
  57  12:38  Assimilator  
  57  12:40  Probe  
  57  12:43  Probe  
Tags
 
Add a new tag
Caveats
  • Supply blocks, unpowered buildings, or Contaminate may cause inaccurate times.
  • Supply counts are checked every 10 seconds.